General information
- name: BNet
- type: Ladder 1vs1/FFA
- host: Battle.net
- saver: Bugaloo_Shrimp
map: LostTemple
- players: 2
- length: 94:12
- speed: Fast
- version: 1.26 W3XP
- replay type: Public
» download(256 KB)
Players
team 1 (loser)
ISmokeHemp (
teal | 55 APM | 5128 actions | 94:03)
4 Far Seer
2 Feral Spirit
2 Chain Lighting
4 Shadow Hunter
2 Hex
2 Healing Wave
» actions
| Assign group hotkey | 162 | |
| Basic commands | 10 | |
| Build / train | 184 | |
| ESC pressed | 25 | |
| Enter build submenu | 129 | |
| Enter hero's abilities submenu | 9 | |
| Give item / drop item | 8 | |
| Remove unit from queue | 2 | |
| Right click | 2131 | |
| Select / deselect | 945 | |
| Select group hotkey | 1263 | |
| Use ability | 260 | |
5128 total
» units
| Peon | 76 | |
| Grunt | 9 | |
| Raider | 3 | |
| Wind Rider | 14 | |
| Troll Batrider | 16 | |
| Goblin Zeppelin | 13 | |
| Troll Headhunter/Berserker | 6 | |
| Tauren | 3 | |
140 total
» upgrades
| Ensnare | 1 | |
| Berserker Strength | 1 | |
| Pillage | 1 | |
| Armor | 3 | |
| Ranged Weapons | 3 | |
| Liquid Fire | 1 | |
| Reinforced Defenses | 1 | |
| Spiked Barricades | 1 | |
| Berserker Upgrade | 1 | |
| Envenomed Spears | 1 | |
| Melee Weapons | 1 | |
15 total
» buildings
| Altar of Storms | 2 | |
| Orc Burrow | 12 | |
| Barracks | 1 | |
| Stronghold | 1 | |
| Beastiary | 2 | |
| Voodoo Lounge | 2 | |
| Great Hall | 15 | |
| War Mill | 2 | |
| Watch Tower | 62 | |
| Fortress | 3 | |
| Tauren Totem | 1 | |
103 total
» build order
00:10 Altar of Storms
00:20 Orc Burrow
00:41 Barracks
01:21 Orc Burrow
02:44 Stronghold
03:21 Orc Burrow
05:06 Beastiary
05:09 Beastiary
05:37 Voodoo Lounge
06:27 Orc Burrow
10:49 Orc Burrow
10:59 Great Hall
12:04 War Mill
12:08 War Mill
12:15 Orc Burrow
14:31 Great Hall
16:30 Great Hall
16:33 Watch Tower
16:39 Great Hall
17:44 Watch Tower
18:03 Watch Tower
18:07 Watch Tower
18:36 Watch Tower
20:59 Watch Tower
21:26 Watch Tower
22:54 Watch Tower
22:56 Watch Tower
23:43 Watch Tower
23:50 Watch Tower
26:27 Watch Tower
26:31 Great Hall
27:54 Great Hall
27:57 Watch Tower
27:58 Watch Tower
28:00 Watch Tower
31:03 Watch Tower
31:26 Watch Tower
31:31 Watch Tower
32:04 Watch Tower
33:09 Voodoo Lounge
33:17 Fortress
33:17 Fortress
33:17 Fortress
34:14 Watch Tower
34:21 Watch Tower
35:16 Great Hall
39:01 Great Hall
39:05 Watch Tower
39:08 Watch Tower
40:09 Watch Tower
41:23 Watch Tower
42:43 Watch Tower
42:54 Watch Tower
43:14 Watch Tower
43:53 Watch Tower
44:47 Watch Tower
44:56 Watch Tower
45:07 Watch Tower
46:12 Watch Tower
46:21 Watch Tower
46:54 Tauren Totem
47:20 Watch Tower
49:31 Watch Tower
49:47 Watch Tower
54:16 Great Hall
55:57 Great Hall
56:00 Watch Tower
56:02 Watch Tower
56:17 Watch Tower
56:22 Watch Tower
56:31 Orc Burrow
57:00 Orc Burrow
57:10 Watch Tower
57:17 Watch Tower
57:43 Watch Tower
57:55 Watch Tower
58:29 Watch Tower
59:26 Watch Tower
59:33 Watch Tower
59:45 Watch Tower
62:25 Great Hall
62:40 Watch Tower
67:35 Orc Burrow
67:42 Orc Burrow
67:47 Orc Burrow
70:23 Great Hall
70:27 Watch Tower
70:31 Watch Tower
70:33 Watch Tower
70:36 Watch Tower
71:56 Great Hall
72:01 Great Hall
72:04 Watch Tower
72:06 Watch Tower
72:07 Watch Tower
73:23 Altar of Storms
77:50 Great Hall
77:54 Watch Tower
77:56 Watch Tower
78:01 Watch Tower
78:46 Watch Tower
78:50 Watch Tower
92:48 Orc Burrow
» items
| Dust of Appearance | 2 | |
| Healing Salve | 1 | |
| Scroll of Town Portal | 4 | |
| Potion of Lesser Invulnerability | 2 | |
| Scroll of Healing | 1 | |
10 total
team 2 (winner)
Bugaloo_Shrimp (
pink | 59 APM | 5597 actions | 94:12)
10 Blademaster
3 Wind Walk
3 Critical Strike
1 Bladestorm
3 Mirror Image
8 Tauren Chieftain
3 Endurance Aura
3 Shockwave
1 Reincarnation
1 War Stomp
» actions
| Assign group hotkey | 133 | |
| Basic commands | 284 | |
| Build / train | 162 | |
| ESC pressed | 9 | |
| Enter build submenu | 117 | |
| Enter hero's abilities submenu | 20 | |
| Give item / drop item | 10 | |
| Right click | 2585 | |
| Select / deselect | 1265 | |
| Select group hotkey | 489 | |
| Use ability | 523 | |
5597 total
» units
| Peon | 19 | |
| Wind Rider | 5 | |
| Troll Batrider | 33 | |
| Goblin Shredder | 2 | |
| Goblin Zeppelin | 10 | |
| Troll Witch Doctor | 3 | |
72 total
» upgrades
| Ranged Weapons | 3 | |
| Liquid Fire | 1 | |
| Envenomed Spears | 1 | |
| Pillage | 1 | |
| Witch Doctor Training | 2 | |
| Armor | 3 | |
| Reinforced Defenses | 1 | |
| Spiked Barricades | 3 | |
| Troll Regeneration | 1 | |
| Melee Weapons | 3 | |
| Burning Oil | 1 | |
| Spirit Walker Training | 2 | |
| Shaman Training | 2 | |
| Berserker Upgrade | 1 | |
25 total
» buildings
| Altar of Storms | 2 | |
| Orc Burrow | 12 | |
| War Mill | 3 | |
| Voodoo Lounge | 2 | |
| Watch Tower | 148 | |
| Great Hall | 5 | |
| Stronghold | 2 | |
| Beastiary | 7 | |
| Fortress | 2 | |
| Spirit Lodge | 2 | |
| Barracks | 1 | |
186 total
» build order
00:04 Altar of Storms
00:18 Orc Burrow
00:44 War Mill
01:00 Voodoo Lounge
02:00 Watch Tower
02:20 Watch Tower
02:44 Orc Burrow
03:10 Watch Tower
03:27 Watch Tower
04:35 Watch Tower
04:39 Watch Tower
05:03 Watch Tower
05:15 Watch Tower
05:34 Watch Tower
05:36 Great Hall
05:42 Watch Tower
06:05 Stronghold
06:16 Watch Tower
06:35 Watch Tower
06:39 Watch Tower
06:40 Watch Tower
07:00 Watch Tower
07:49 Orc Burrow
08:36 Beastiary
08:37 Beastiary
08:37 Beastiary
09:36 Beastiary
11:56 Fortress
12:59 Watch Tower
13:00 Watch Tower
13:05 Watch Tower
13:05 Watch Tower
13:31 Watch Tower
13:32 Watch Tower
13:37 Watch Tower
13:38 Watch Tower
13:41 Watch Tower
13:42 Watch Tower
14:59 Spirit Lodge
17:15 Watch Tower
17:16 Watch Tower
17:17 Watch Tower
17:17 Watch Tower
17:19 Watch Tower
17:19 Watch Tower
18:18 Watch Tower
18:19 Watch Tower
18:19 Watch Tower
22:21 Great Hall
22:26 Watch Tower
22:27 Watch Tower
22:32 Watch Tower
22:32 Watch Tower
22:33 Watch Tower
22:41 Watch Tower
22:42 Watch Tower
23:21 Watch Tower
23:54 Watch Tower
23:55 Watch Tower
25:38 Watch Tower
25:38 Watch Tower
25:42 Watch Tower
25:43 Watch Tower
31:56 Great Hall
32:01 Watch Tower
32:02 Watch Tower
32:03 Watch Tower
32:03 Watch Tower
32:06 Watch Tower
32:06 Watch Tower
32:07 Watch Tower
32:07 Watch Tower
32:10 Watch Tower
32:10 Watch Tower
42:40 Watch Tower
42:41 Watch Tower
42:42 Watch Tower
42:44 Watch Tower
42:44 Watch Tower
42:48 Watch Tower
42:50 Watch Tower
42:51 Watch Tower
42:53 Watch Tower
42:54 Watch Tower
44:07 Watch Tower
45:10 Great Hall
45:17 Watch Tower
45:17 Watch Tower
45:22 Watch Tower
45:22 Watch Tower
45:28 War Mill
45:30 War Mill
46:43 Voodoo Lounge
46:45 Barracks
46:49 Spirit Lodge
47:02 Great Hall
47:29 Watch Tower
47:29 Watch Tower
47:30 Watch Tower
47:32 Watch Tower
47:32 Watch Tower
47:33 Watch Tower
47:34 Watch Tower
47:35 Watch Tower
47:36 Watch Tower
47:36 Watch Tower
47:37 Watch Tower
47:39 Watch Tower
47:44 Watch Tower
47:59 Stronghold
48:09 Watch Tower
48:13 Watch Tower
48:14 Watch Tower
48:20 Watch Tower
50:28 Watch Tower
50:29 Watch Tower
50:32 Watch Tower
50:47 Watch Tower
50:48 Watch Tower
51:09 Orc Burrow
51:10 Orc Burrow
51:12 Orc Burrow
52:04 Altar of Storms
53:11 Fortress
54:00 Beastiary
54:03 Beastiary
54:05 Orc Burrow
54:13 Watch Tower
54:13 Watch Tower
54:21 Watch Tower
54:24 Watch Tower
55:25 Beastiary
57:02 Watch Tower
57:03 Watch Tower
57:03 Watch Tower
57:05 Watch Tower
57:05 Watch Tower
57:06 Watch Tower
57:08 Watch Tower
57:10 Watch Tower
57:14 Watch Tower
58:34 Watch Tower
58:34 Watch Tower
58:37 Watch Tower
58:38 Watch Tower
58:46 Watch Tower
58:49 Watch Tower
58:52 Watch Tower
77:11 Watch Tower
77:12 Watch Tower
77:13 Watch Tower
77:18 Watch Tower
77:19 Watch Tower
77:20 Watch Tower
77:27 Watch Tower
77:29 Watch Tower
77:30 Watch Tower
77:35 Watch Tower
77:36 Watch Tower
77:41 Watch Tower
77:42 Watch Tower
77:50 Watch Tower
77:51 Watch Tower
77:51 Watch Tower
77:52 Watch Tower
78:25 Watch Tower
78:25 Watch Tower
78:26 Watch Tower
78:42 Watch Tower
78:42 Watch Tower
78:43 Watch Tower
78:44 Watch Tower
81:34 Watch Tower
81:35 Watch Tower
81:36 Watch Tower
81:37 Watch Tower
81:38 Watch Tower
85:41 Watch Tower
85:41 Watch Tower
86:34 Orc Burrow
86:37 Orc Burrow
87:50 Orc Burrow
87:51 Orc Burrow
88:10 Watch Tower
88:11 Watch Tower
88:50 Orc Burrow
» items
| Lesser Clarity Potion | 8 | |
| Healing Salve | 7 | |
| Scroll of Speed | 2 | |
| Staff of Teleportation | 2 | |
| Boots of Speed | 2 | |
| Dust of Appearance | 1 | |
| Potion of Lesser Invulnerability | 1 | |
| Potion of Invisibility | 1 | |
| Potion of Healing | 7 | |
| Orb of Lightning | 3 | |
| Tiny Great Hall | 1 | |
| Potion of Mana | 1 | |
| Periapt of Vitality | 2 | |
| Scroll of Healing | 1 | |
39 total
Chat log
(14:23 / All) ISmokeHemp: lol
(14:24 / All) ISmokeHemp: noob
(24:36 / All) ISmokeHemp: mother fuck
(24:37 / All) ISmokeHemp: fuck u
(25:19 / All) ISmokeHemp: son of a bithc
(83:50 / All) Bugaloo_Shrimp: LOL
(84:09 / All) Bugaloo_Shrimp: STILL not leaving? xD
(84:09 / All) ISmokeHemp: fuck u
(84:12 / All) Bugaloo_Shrimp: funniest game ever
(84:14 / All) ISmokeHemp: no
(84:18 / All) ISmokeHemp: mother fuck
(84:20 / All) ISmokeHemp: son of a bitch
(84:20 / All) Bugaloo_Shrimp: u mad
(84:35 / All) Bugaloo_Shrimp: leave kid
(84:41 / All) ISmokeHemp: you dont have units?
(84:47 / All) Bugaloo_Shrimp: i dont need against you
(85:12 / All) Bugaloo_Shrimp: youre not worth the upkeep
(85:12 / All) Bugaloo_Shrimp: leave
(85:41 / All) ISmokeHemp: just kit
(85:44 / All) ISmokeHemp: quit
(85:44 / All) Bugaloo_Shrimp: god ur so terrible
(85:58 / All) Bugaloo_Shrimp: were you in upkeep this whole game?
(86:04 / All) Bugaloo_Shrimp: you were fucking awful
(86:14 / All) Bugaloo_Shrimp: i beat you with no units
(86:17 / All) Bugaloo_Shrimp: how does that make you feel?
(86:41 / All) Bugaloo_Shrimp: answer
(86:55 / All) Bugaloo_Shrimp: how does it make you feel?
(87:10 / All) ISmokeHemp: just quit
(87:11 / All) Bugaloo_Shrimp: do you even have any gld?
(87:12 / All) Bugaloo_Shrimp: LOL
(87:13 / All) ISmokeHemp: i will win
(87:15 / All) Bugaloo_Shrimp: sure
(87:21 / All) Bugaloo_Shrimp: you were in upkeep with 2 mines
(87:25 / All) Bugaloo_Shrimp: i was at no upkeep, 5 mines
(87:37 / All) Bugaloo_Shrimp: i have 42598 gold, you really think you can win?
(87:37 / All) ISmokeHemp: i know
(87:42 / All) Bugaloo_Shrimp: if you know, why did you do it
(87:43 / All) ISmokeHemp: yeah
(87:45 / All) ISmokeHemp: i have 191
(87:50 / All) ISmokeHemp: and 1900 lumber
(88:00 / All) ISmokeHemp: and 1 hero
(88:01 / All) Bugaloo_Shrimp: you spent soo much money
(88:05 / All) Bugaloo_Shrimp: trying to take the island
(88:18 / All) Bugaloo_Shrimp: it was hilarious
(88:22 / All) Bugaloo_Shrimp: and you talked shit when you sucked
(88:30 / All) ISmokeHemp: come on
(88:32 / All) Bugaloo_Shrimp: you sold your crystal ball?
(88:33 / All) Bugaloo_Shrimp: LOL
(88:40 / All) ISmokeHemp: yeah
(88:43 / All) Bugaloo_Shrimp: wow youre bad
(88:46 / All) ISmokeHemp: i need money
(88:49 / All) ISmokeHemp: lol
(89:01 / All) Bugaloo_Shrimp: youre the worst ive ever seen
(89:01 / All) ISmokeHemp: come on
(89:06 / All) ISmokeHemp: dont leave
(89:17 / All) ISmokeHemp: HAHA
(89:23 / All) ISmokeHemp: come on
(89:30 / All) Bugaloo_Shrimp: free exp
(89:31 / All) Bugaloo_Shrimp: thanks
(89:36 / All) ISmokeHemp: shit
(89:45 / All) Bugaloo_Shrimp: noob.
(89:49 / All) Bugaloo_Shrimp: leave
(90:15 / All) ISmokeHemp: danm
(90:19 / All) Bugaloo_Shrimp: retard
(90:55 / All) ISmokeHemp: i still win
(90:56 / All) Bugaloo_Shrimp: i love it when noobs talk shit
(91:01 / All) Bugaloo_Shrimp: no, you dont.
(91:06 / All) ISmokeHemp: just quit please
(91:09 / All) Bugaloo_Shrimp: LOL
(91:10 / All) ISmokeHemp: i need status
(91:14 / All) Bugaloo_Shrimp: HAHAHAHAHHAHAHAHAHHAHAHA
(91:22 / All) Bugaloo_Shrimp: what shithole country are you from?
(91:28 / All) ISmokeHemp: brazil
(91:31 / All) Bugaloo_Shrimp: thought so
(91:33 / All) ISmokeHemp: my english is very well
(91:35 / All) Bugaloo_Shrimp: worthless, 3rd world
(91:39 / All) Bugaloo_Shrimp: 'very good'
(91:42 / All) ISmokeHemp: from?
(91:46 / All) Bugaloo_Shrimp: 'well' is an adverb
(91:50 / All) Bugaloo_Shrimp: a non-shitty country
(91:55 / All) Bugaloo_Shrimp: you live in the 3rd world
(91:58 / All) ISmokeHemp: from?
(91:59 / All) Bugaloo_Shrimp: i live in the 1st world
(92:04 / All) ISmokeHemp: lol
(92:05 / All) ISmokeHemp: fuck
(92:08 / All) Bugaloo_Shrimp: thats all you need to know
(92:11 / All) ISmokeHemp: where are you from?
(92:52 / All) ISmokeHemp: from?
(92:54 / All) ISmokeHemp: japan?
(92:55 / All) ISmokeHemp: lol
(92:58 / All) ISmokeHemp: sucker
(92:59 / All) Bugaloo_Shrimp: i told you, a non-shitty country
(93:11 / All) ISmokeHemp: whera are you from?
(93:12 / All) Bugaloo_Shrimp: in my country, the streets dont smell like urine
(93:21 / All) Bugaloo_Shrimp: and families dont prostitute their children
(93:26 / All) Bugaloo_Shrimp: you got a sister?
(93:47 / All) Bugaloo_Shrimp: do you?
(93:56 / All) ISmokeHemp: yeah
(94:02 / All) Bugaloo_Shrimp: i can come to your country and buy her
(94:03 / All) Bugaloo_Shrimp: that makes you sad enough to plug pull?
(94:11 / All) Bugaloo_Shrimp: yep i thought so, PLUG PULLLLLLLLLL